Map: Polka LE

Players

Massa - Winner!

  • Race: Terran Terran
  • League: Platinum
  • Spawn Location: 11:00

qqq - Winner!

  • Race: Zerg Zerg
  • League: Platinum
  • Spawn Location: 11:00

GRRRRRRRRRR

  • Race: Zerg Zerg
  • League: Platinum
  • Spawn Location: 5:00

SirD

  • Race: Protoss Protoss
  • League: Diamond
  • Spawn Location: 5:00

VOD

Have the link to the VOD?

Description

Time

  • Played on: Jan. 17, 2021, 2:56 p.m.
  • Length: 21:13
Show
View Real Time Build Order
Export as new Build Order

Massa Terran - Winner!

Build Orders: Hellion Banshee 

Get SALT Encoding   

  12  0:00  SCV  
  13  0:12  SCV  
  14  0:21  Supply Depot  
  14  0:24  SCV  
  15  0:43  SCV  
  15  0:44  Barracks  
  15  0:49  Refinery  
  16  0:55  SCV  
  17  1:31  Orbital Command  
  17  1:37  Barracks Reactor  
  17  1:40  Command Center  
  17  2:01  Supply Depot  
  17  2:07  SCV  
  18  2:14  Marine x2  
  20  2:21  Factory  
  20  2:23  SCV  
  21  2:31  Marine  
  21  2:32  Marine  
  21  2:35  SCV  
  24  2:47  SCV  
  24  2:49  Marine  
  24  2:50  Supply Depot  
  26  2:52  Marine  
  26  2:57  Orbital Command  
  27  3:07  Starport  
  27  3:17  Hellion x2  
  31  3:20  Barracks Tech Lab  
  31  3:24  SCV x2  
  33  3:38  SCV x2  
  33  3:39  Hellion x2  
  39  3:44  Refinery  
  39  3:51  Banshee  
  39  3:52  Barracks Tech Lab  
  42  4:13  Hellion  
  42  4:14  Hellion  
  46  4:35  SCV x2  
  46  4:36  Banshee  
  49  4:47  SCV x2  
  43  4:56  Barracks  
  43  4:59  SCV x2, Cloaking Field  
  41  5:02  Widow Mine x2  
  38  5:23  Widow Mine x2  
  42  5:39  Marauder  
  42  5:44  Widow Mine x2  
  42  5:46  Barracks Tech Lab, Barracks  
  42  5:47  Barracks x2  
  42  5:48  Barracks  
  42  5:49  Barracks  
  44  5:55  SCV x2  
  46  5:57  Refinery  
  46  6:01  Marauder  
  44  6:06  Widow Mine  
  44  6:07  SCV x2  
  44  6:10  Marauder  
  50  6:19  SCV x2  
  50  6:22  Marauder  
  54  6:39  Supply Depot  
  54  6:40  Supply Depot x2  
  54  6:41  SCV x2, Marine  
  54  6:42  Marauder, Marine x3, Supply Depot  
  62  6:51  Marauder  
  61  6:59  Marine  
  61  7:00  Medivac  
  64  7:03  Marauder  
  64  7:06  Stimpack, Supply Depot  
  64  7:07  Supply Depot  
  66  7:09  Marine x3  
  66  7:13  Marauder  
  71  7:17  Marine  
  71  7:19  SCV  
  71  7:20  SCV  
  74  7:24  Marauder  
  74  7:26  Widow Mine x2  
  74  7:27  Marine x3  
  83  7:34  Marauder  
  83  7:35  Marine  
  86  7:39  Medivac  
  88  7:45  Marine x4  
  88  7:48  Widow Mine x2  
  96  7:53  Marine  
  96  7:55  Marauder  
  99  8:02  Marine  
  99  8:03  Marine x2  
  99  8:04  Marauder  
  104  8:06  Barracks Tech Lab  
  104  8:07  Combat Shield  
  104  8:09  Widow Mine  
  104  8:10  Marine  
  107  8:13  Command Center  
  107  8:17  Marauder  
  109  8:20  Marine  
  109  8:46  Supply Depot  
  109  8:47  Supply Depot  
  109  8:48  SCV, Supply Depot  
  110  8:51  Supply Depot  
  110  9:00  SCV  
  110  9:01  SCV  
  110  9:02  Marauder  
  109  9:03  Marauder  
  104  9:13  SCV x2  
  104  9:14  Supply Depot x2  
  104  9:16  Supply Depot  
  101  9:18  Medivac  
  99  9:25  SCV  
  99  9:27  Marauder x2  
  99  9:28  Barracks Reactor, Barracks Tech Lab  
  99  9:29  Marine  
  99  9:30  Marine  
  101  9:47  Marine  
  101  9:48  Marine, Medivac  
  101  9:49  Marauder x2  
  100  10:04  Marauder, Marine  
  100  10:05  Marine x2  
  95  10:10  Marauder x2  
  95  10:12  Marine  
  79  10:22  Marine  
  79  10:23  Marine x2  
  79  10:25  Marauder  
  79  10:27  Widow Mine x2  
  88  10:28  Medivac  
  88  10:31  Marauder x2  
  94  10:40  Orbital Command  
  94  10:43  Refinery  
  94  10:44  SCV x2  
  94  10:45  Refinery  
  94  10:46  Marauder  
  94  10:49  Widow Mine x2  
  102  10:53  Marauder x2  
  102  10:54  Engineering Bay x2  
  102  10:56  SCV x2  
  108  10:57  Armory  
  108  10:58  Medivac  
  108  10:59  Armory  
  110  11:07  Marine x2  
  110  11:08  SCV x2, Marauder  
  110  11:10  Widow Mine  
  118  11:14  Marauder x2  
  121  11:19  Barracks Reactor  
  121  11:20  SCV x2  
  121  11:22  Barracks Tech Lab  
  121  11:29  Marauder  
  121  11:32  SCV  
  124  11:35  Marauder  
  124  11:36  Marauder  
  124  11:39  Widow Mine x2  
  132  11:44  Factory x2  
  132  11:45  Medivac  
  134  11:51  Marauder  
  136  11:55  Terran Infantry Weapons Level 1  
  136  11:57  Terran Infantry Armor Level 1, Marauder  
  136  12:00  Widow Mine  
  136  12:01  Widow Mine, SCV x3  
  145  12:02  Command Center  
  145  12:13  SCV x2  
  145  12:15  Medivac  
  149  12:22  Widow Mine  
  151  12:50  Marauder x3, Marine  
  152  12:52  Factory Tech Lab x2  
  152  12:55  Missile Turret  
  152  12:57  SCV  
  152  12:58  SCV x2  
  149  13:08  Widow Mine x2  
  149  13:10  SCV x3, Concussive Shells  
  156  13:16  Drilling Claws, Smart Servos  
  156  13:19  Marauder x4, Marine  
  165  13:20  Marine x3  
  165  13:21  Raven  
  165  13:22  SCV x3  
  173  13:28  Starport  
  173  13:29  Widow Mine x2  
  177  13:37  Refinery, SCV x2, Marine  
  177  13:38  Refinery, SCV, Marine x3  
  177  13:40  Marauder x2, Marine  
  177  13:41  Marauder  
  192  13:45  Planetary Fortress  
  191  13:49  SCV  
  191  13:50  SCV x2, Command Center  
  191  13:51  Widow Mine  
  196  14:04  Supply Depot  
  196  14:05  Terran Infantry Armor Level 2, Terran Infantry Weapons Level 2  
  196  14:07  Supply Depot  
  196  14:09  Starport Reactor  
  196  14:12  Command Center  
  196  14:13  Terran Vehicle Weapons Level 1  
  196  14:26  Marauder, Raven  
  196  14:30  Refinery  
  196  14:31  Supply Depot  
  200  14:32  Supply Depot  
  200  14:54  Marine  
  200  14:56  Supply Depot x2  
  200  15:04  Marauder  
  194  15:21  Supply Depot  
  131  15:34  Marauder  
  131  15:35  Marauder x3, Marine x4  
  103  15:44  Raven  
  103  15:45  Viking x2  
  102  15:52  Marine  
  102  15:53  Marine x3  
  102  15:55  Marauder, Planetary Fortress  
  102  15:56  Marauder x3  
  112  15:59  SCV x4  
  116  16:06  Siege Tank x2  
  116  16:11  SCV x2  
  123  16:13  Widow Mine x2  
  123  16:15  Bunker x2, Viking  
  123  16:16  Marine x4  
  123  16:17  Marauder x4  
  140  16:19  Bunker  
  140  16:26  Terran Infantry Weapons Level 3, Terran Infantry Armor Level 3  
  140  16:27  Raven  
  142  16:33  Marine  
  142  16:34  Marine x3  
  142  16:35  Widow Mine x2  
  142  16:38  Marauder, Siege Tank x2  
  142  16:39  Marauder x3  
  164  16:51  Marine  
  164  16:52  Marine x2  
  158  17:07  SCV  
  158  17:08  SCV x3  
  162  17:10  Command Center  
  162  17:18  Marauder  
  162  17:19  Marauder x3, Marine  
  162  17:21  Marine x3  
  174  17:23  Raven, Viking x2  
  174  17:24  Siege Tank  
  174  17:25  Widow Mine  
  174  17:26  Widow Mine  
  187  17:37  Marine  
  187  17:38  Marine  
  187  17:39  Marine x2  
  187  17:40  Marauder x4  
  197  18:01  Marauder  
  192  18:06  Raven  
  190  18:19  Marauder x3, Marine x4  
  193  18:23  Marauder  
  195  18:29  SCV x2  
  195  18:30  SCV x2  
  197  18:42  Terran Vehicle Weapons Level 2  
  197  18:43  Terran Vehicle And Ship Armor Level 1  
  196  18:49  Fusion Core  
  183  19:12  Marauder  
  183  19:13  Marauder x3, Marine x4  
  176  19:30  Marine  
  176  19:31  Marine  
  169  19:34  Marauder x3  
  173  20:18  Command Center  
  173  20:22  Command Center  
  172  20:42  Orbital Command  
  171  20:48  Command Center  
Show
View Real Time Build Order
Export as new Build Order

qqq Zerg - Winner!

Build Orders: Hatch First, Brood Lord Corruptor 

Get SALT Encoding   

  12  0:00  Drone  
  13  0:08  Drone  
  14  0:18  Overlord  
  14  0:45  Hatchery  
  14  0:49  Drone  
  14  0:54  Drone  
  15  0:57  Drone  
  16  1:07  Drone  
  17  1:25  Spawning Pool  
  16  1:26  Extractor  
  15  1:48  Drone x2  
  17  1:56  Drone  
  17  2:00  Drone  
  19  2:29  Queen  
  21  2:30  Hatchery  
  21  2:31  Queen  
  21  2:32  Drone x2  
  24  2:38  Metabolic Boost  
  24  2:44  Zergling x2  
  24  2:47  Drone  
  25  3:00  Drone x2  
  25  3:03  Drone  
  28  3:05  Overlord  
  28  3:09  Overlord  
  28  3:24  Zergling x4  
  28  3:25  Zergling x2  
  31  3:31  Zergling x2  
  31  3:32  Zergling x2  
  31  3:33  Lair  
  33  3:38  Zergling x2  
  33  3:40  Zergling x2  
  35  3:44  Zergling x4  
  35  3:48  Zergling x2  
  38  3:50  Zergling x2  
  39  3:58  Zergling x2  
  40  4:03  Zergling x6  
  43  4:13  Zergling x2, Overlord  
  43  4:14  Overlord  
  44  4:22  Spore Crawler  
  42  4:25  Spore Crawler  
  40  4:35  Spire  
  32  4:46  Zergling x6  
  32  4:47  Zergling x2  
  32  4:48  Drone  
  32  4:56  Drone x2  
  32  4:58  Drone  
  32  5:10  Zergling x6  
  32  5:13  Baneling Nest  
  34  5:15  Zergling x2  
  35  5:33  Zergling x4  
  35  5:34  Zergling x10  
  37  5:49  Mutalisk  
  36  5:50  Mutalisk  
  36  5:51  Drone  
  36  5:52  Zergling x4  
  41  6:01  Spine Crawler  
  40  6:04  Baneling  
  40  6:07  Zergling x2, Overlord  
  40  6:10  Zergling x2  
  42  6:21  Zergling x2  
  42  6:22  Drone x2  
  45  6:25  Extractor  
  44  6:34  Baneling x2  
  44  6:35  Baneling  
  44  6:39  Zergling x4  
  46  6:40  Drone  
  47  6:48  Baneling  
  47  6:49  Baneling  
  42  7:04  Zergling x8  
  42  7:06  Drone x5  
  50  7:22  Mutalisk  
  52  7:23  Zergling x2  
  52  7:24  Zergling x8  
  57  7:33  Drone, Baneling  
  58  7:40  Drone, Extractor  
  58  7:41  Drone, Overlord  
  58  7:42  Overlord  
  59  7:59  Overlord  
  59  8:00  Overlord x2  
  59  8:05  Drone  
  60  8:06  Overlord  
  60  8:17  Hatchery, Mutalisk  
  60  8:18  Mutalisk  
  61  8:20  Zergling x2  
  50  8:34  Zergling x6  
  50  8:35  Zergling x2  
  50  8:36  Zergling x6  
  56  8:41  Drone  
  56  8:42  Drone  
  57  8:51  Drone x4  
  57  8:52  Zergling x2  
  62  8:59  Infestation Pit  
  53  9:24  Zergling x6  
  53  9:25  Mutalisk x2, Zergling x2  
  53  9:29  Drone x5  
  65  9:41  Mutalisk  
  65  9:42  Drone  
  65  9:43  Drone x2  
  65  9:49  Zergling x8  
  65  9:50  Zergling x2  
  70  9:59  Hive  
  60  10:33  Mutalisk x4, Zergling x4  
  60  10:35  Drone x6  
  74  10:36  Drone x2  
  74  10:39  Drone  
  74  10:42  Hatchery  
  77  10:49  Extractor  
  76  10:51  Baneling x2  
  76  10:52  Zergling x10  
  76  10:53  Drone  
  76  10:55  Queen  
  84  11:14  Greater Spire, Corruptor x2  
  84  11:15  Corruptor  
  84  11:17  Drone x2  
  92  11:21  Corruptor  
  92  11:25  Baneling x2  
  94  11:26  Drone  
  94  11:29  Extractor  
  94  11:30  Spine Crawler  
  94  11:31  Extractor  
  94  11:32  Drone, Spine Crawler  
  92  11:45  Drone  
  93  11:48  Corruptor  
  95  11:58  Corruptor x2  
  99  12:03  Drone x3  
  99  12:07  Drone  
  99  12:08  Drone x2  
  105  12:20  Corruptor x2  
  109  12:22  Hatchery  
  108  12:38  Brood Lord x2  
  108  12:40  Drone x2  
  108  12:41  Drone x4  
  108  12:43  Extractor x2  
  116  12:45  Brood Lord  
  116  12:51  Zergling x4, Overlord x2  
  120  12:52  Overlord  
  120  12:54  Overlord x2  
  120  12:58  Zerg Flyer Weapons Level 1  
  110  13:27  Brood Lord x2  
  110  13:28  Brood Lord  
  110  13:30  Drone  
  110  13:31  Drone x5  
  122  13:39  Zergling x10, Overlord  
  122  13:40  Overlord x4  
  122  13:41  Drone  
  128  13:48  Brood Lord x2  
  132  13:51  Brood Lord  
  134  13:59  Drone  
  135  14:03  Corruptor  
  135  14:08  Pneumatized Carapace  
  137  14:16  Drone  
  137  14:17  Drone x5  
  140  14:18  Drone x2  
  140  14:20  Drone  
  146  14:26  Hatchery  
  146  14:28  Corruptor x2  
  146  14:29  Spore Crawler  
  146  14:30  Corruptor  
  150  14:32  Spine Crawler  
  150  14:36  Corruptor  
  150  14:38  Corruptor  
  151  14:41  Drone x3  
  151  14:42  Drone  
  151  14:43  Drone  
  151  14:44  Drone  
  159  14:52  Zerg Flyer Armor Level 1  
  159  14:59  Brood Lord, Corruptor  
  161  15:00  Corruptor x3  
  161  15:01  Zergling x2  
  135  15:47  Corruptor x5  
  135  15:48  Corruptor  
  136  15:50  Drone x2, Zergling x8  
  136  15:51  Zergling x6  
  134  15:58  Brood Lord x2  
  134  16:00  Brood Lord x3  
  144  16:05  Brood Lord  
  144  16:07  Zergling x2  
  144  16:08  Zergling x6  
  144  16:09  Zergling x4  
  152  16:12  Extractor  
  152  16:14  Extractor  
  152  16:16  Brood Lord  
  152  16:22  Brood Lord  
  154  16:32  Drone x2  
  156  16:39  Spine Crawler x2  
  154  16:41  Spine Crawler  
  154  16:43  Brood Lord  
  154  16:44  Brood Lord x2  
  156  16:48  Drone  
  156  16:49  Drone x2  
  156  16:50  Drone x2  
  130  17:03  Brood Lord x2  
  130  17:07  Brood Lord  
  120  17:19  Corruptor  
  120  17:20  Corruptor  
  117  17:32  Zerg Flyer Weapons Level 2  
  109  17:49  Corruptor x2  
  113  17:52  Drone x3  
  116  18:00  Hatchery  
  107  18:13  Corruptor x4  
  107  18:15  Zergling x10  
  107  18:16  Drone  
  107  18:17  Drone  
  122  18:20  Drone  
  123  18:36  Hatchery  
  123  18:40  Brood Lord x2  
  126  18:42  Zergling x12  
  126  18:46  Queen  
  126  18:48  Drone x3  
  137  19:01  Brood Lord x2  
  141  19:04  Hatchery  
  136  19:25  Corruptor x3  
  136  19:26  Zergling x6  
  136  19:27  Zergling x6  
  136  19:28  Drone x5  
  146  19:48  Corruptor x3  
  150  19:54  Zergling x6  
  150  19:55  Zergling x6  
  140  20:13  Drone x4  
  140  20:14  Drone  
  105  20:29  Corruptor x3  
  105  20:30  Zergling x8  
  105  20:31  Zergling x4  
  105  20:32  Drone x4  
  105  20:33  Drone x3  
  121  20:41  Brood Lord x3  
  127  20:43  Zergling x6  
  127  20:44  Drone x3  
  127  20:46  Drone  
  127  20:47  Drone  
  135  20:50  Extractor, Drone  
  135  20:52  Extractor  
Show
View Real Time Build Order
Export as new Build Order

GRRRRRRRRRR Zerg 

Build Orders: Hatch First 

Get SALT Encoding   

  12  0:02  Drone  
  13  0:11  Drone  
  14  0:19  Overlord  
  14  0:38  Drone x3  
  17  1:02  Drone x2, Hatchery  
  18  1:17  Extractor  
  17  1:22  Spawning Pool  
  17  1:25  Drone x2  
  18  1:39  Drone  
  19  1:55  Drone x2  
  21  2:09  Drone  
  21  2:13  Queen  
  21  2:14  Queen  
  26  2:18  Overlord  
  26  2:19  Drone  
  26  2:22  Metabolic Boost  
  27  2:32  Zergling x2  
  27  2:35  Overlord  
  28  2:39  Zergling x4  
  30  2:47  Drone  
  30  2:49  Zergling x2  
  32  3:00  Spine Crawler  
  32  3:03  Drone, Spine Crawler  
  32  3:05  Drone  
  32  3:13  Hatchery  
  32  3:16  Zergling x2  
  32  3:17  Zergling x2  
  33  3:22  Drone  
  33  3:36  Zergling x2  
  33  3:37  Zergling x8  
  38  3:48  Zergling x8  
  42  4:01  Zergling x2  
  43  4:05  Overlord  
  43  4:06  Overlord  
  43  4:20  Overlord x3  
  43  4:34  Zergling x12  
  49  4:45  Zergling x2  
  47  4:46  Zergling x10  
  47  4:59  Lair  
  47  5:01  Drone x4  
  47  5:15  Drone x2  
  49  5:30  Hatchery  
  44  5:59  Drone x5  
  44  6:03  Zergling x2  
  45  6:04  Zergling x14  
  45  6:09  Roach Warren  
  45  6:10  Evolution Chamber  
  50  6:13  Evolution Chamber  
  50  6:14  Spore Crawler  
  48  6:23  Spore Crawler  
  47  6:29  Overseer  
  45  6:40  Queen  
  46  7:00  Drone x2  
  46  7:01  Drone x4  
  52  7:02  Hydralisk Den  
  52  7:03  Drone x2  
  52  7:05  Extractor  
  52  7:07  Extractor  
  50  7:09  Glial Reconstitution  
  50  7:13  Drone x3  
  50  7:14  Drone x2  
  50  7:15  Drone  
  56  7:16  Drone x3  
  59  7:51  Spore Crawler, Muscular Augments  
  59  7:52  Extractor  
  59  7:54  Queen  
  59  7:55  Spine Crawler  
  59  7:56  Drone x3  
  59  7:57  Drone x2  
  59  7:58  Overlord x3  
  63  8:06  Drone x3  
  63  8:07  Drone, Overlord  
  63  8:09  Overlord x2  
  63  8:12  Zerg Ground Armor Level 1  
  62  8:18  Roach  
  62  8:19  Roach x6  
  70  8:38  Roach x4  
  70  8:39  Roach x4  
  85  8:43  Hydralisk  
  85  8:51  Spore Crawler  
  85  8:52  Spore Crawler  
  85  8:54  Drone x4  
  85  9:00  Spore Crawler  
  85  9:02  Grooved Spines  
  58  9:20  Hydralisk  
  58  9:21  Hydralisk x7  
  74  9:36  Zergling x2  
  74  9:37  Zergling x14  
  65  10:01  Hydralisk x3  
  65  10:02  Hydralisk x8  
  62  10:37  Drone x6  
  62  10:38  Drone x5  
  73  10:48  Drone  
  73  10:49  Drone x3, Spore Crawler  
  77  10:50  Drone  
  77  10:51  Queen  
  79  11:02  Hydralisk  
  79  11:03  Hydralisk x4  
  89  11:10  Overseer  
  89  11:14  Extractor  
  89  11:16  Extractor, Drone x2  
  89  11:20  Zerg Missile Weapons Level 1  
  89  11:34  Drone x2  
  89  11:36  Hydralisk x3  
  89  11:37  Roach x3  
  89  11:38  Roach x2  
  107  11:53  Hydralisk x4  
  115  11:54  Roach x4  
  123  12:03  Spine Crawler  
  122  12:08  Zerg Ground Armor Level 2  
  122  12:14  Hatchery  
  121  12:22  Roach  
  129  12:23  Roach x3  
  129  12:37  Overlord x3  
  129  12:58  Pneumatized Carapace  
  131  13:12  Roach  
  131  13:13  Roach x11  
  153  13:27  Ravager  
  154  13:29  Overlord x7  
  154  13:50  Zergling x2  
  154  13:51  Zergling x26  
  168  14:00  Hatchery  
  166  14:25  Ravager x3  
  166  14:26  Ravager x6  
  166  14:28  Roach x12  
  199  14:39  Infestation Pit  
  136  15:39  Hydralisk x7  
  136  15:40  Hydralisk x15  
  136  15:41  Hydralisk x3  
  183  15:51  Queen  
  185  16:03  Hydralisk  
  185  16:04  Hydralisk x4  
  193  16:16  Hive  
  193  16:26  Spine Crawler  
  193  16:30  Hydralisk x2  
  193  16:31  Hydralisk  
  178  17:13  Hydralisk x7  
  178  17:14  Hydralisk x5  
  85  18:07  Zerg Missile Weapons Level 2  
  85  18:10  Roach  
  85  18:11  Hydralisk x9, Roach x7  
  104  18:18  Spore Crawler  
  104  18:19  Spore Crawler  
  88  18:29  Spire  
  88  18:32  Spire  
  86  18:43  Overseer  
  86  18:44  Overseer x2  
  86  18:54  Extractor, Ravager x7  
  86  18:55  Extractor  
  91  19:02  Zergling x10  
  96  19:03  Zergling x8  
  100  19:13  Zergling x2  
  100  19:14  Zergling x10  
  64  19:46  Hydralisk x4  
  64  19:47  Hydralisk x5  
  76  20:04  Hydralisk x3  
  80  20:22  Hydralisk x3  
Show
View Real Time Build Order
Export as new Build Order

SirD Protoss 

Build Orders: Oracle Opening 

Get SALT Encoding   

  12  0:01  Probe  
  13  0:13  Probe  
  14  0:17  Pylon  
  14  0:25  Probe (Chrono Boost)  
  15  0:37  Probe (Chrono Boost)  
  15  0:41  Gateway  
  16  0:44  Probe (Chrono Boost)  
  17  0:50  Assimilator  
  17  0:51  Probe  
  18  1:04  Assimilator  
  18  1:06  Probe (Chrono Boost)  
  19  1:15  Probe (Chrono Boost)  
  20  1:20  Probe (Chrono Boost)  
  21  1:31  Cybernetics Core  
  21  1:32  Probe  
  22  1:35  Pylon  
  22  1:44  Probe  
  23  1:56  Probe  
  24  2:10  Stalker, Warp Gate (Chrono Boost)  
  26  2:16  Stargate  
  26  2:35  Nexus  
  26  2:36  Pylon  
  26  2:56  Probe  
  26  2:57  Oracle (Chrono Boost), Pylon  
  30  3:09  Twilight Council  
  30  3:11  Shield Battery  
  30  3:13  Gateway  
  30  3:16  Probe  
  31  3:31  Forge  
  31  3:45  Gateway, Shield Battery  
  31  3:49  Shield Battery  
  31  3:59  Stalker  
  31  4:01  Blink (Chrono Boost)  
  33  4:09  Stalker  
  35  4:14  Probe  
  36  4:28  Stalker  
  35  4:33  Stalker  
  37  4:54  Probe x2  
  37  4:57  Protoss Ground Weapons Level 1 (Chrono Boost), Stalker x3  
  45  5:06  Probe x2  
  47  5:18  Probe x2  
  47  5:19  Pylon  
  49  5:29  Robotics Facility  
  49  5:31  Gateway  
  49  5:34  Probe x2  
  51  5:37  Pylon  
  49  6:08  Probe x2  
  49  6:09  Stalker x3  
  57  6:14  Warp Prism (Chrono Boost)  
  59  6:22  Shield Battery  
  59  6:25  Shield Battery  
  59  6:35  Probe x2  
  59  6:38  Assimilator  
  61  6:42  Assimilator  
  61  6:43  Observer (Chrono Boost)  
  62  6:48  Protoss Ground Armor Level 1 (Chrono Boost)  
  62  6:51  Probe x2  
  64  7:00  Gateway  
  64  7:11  Stalker x4  
  72  7:21  Gateway  
  72  7:24  Gateway  
  72  7:37  Stalker x3  
  78  8:01  Pylon  
  78  8:03  Pylon  
  78  8:04  Pylon  
  79  8:20  Observer  
  79  8:21  Pylon, Stalker x6  
  79  8:22  Stalker  
  71  8:46  Stalker x3  
  71  8:47  Stalker  
  71  8:48  Stalker  
  81  8:53  Probe x2  
  79  9:05  Probe  
  68  9:12  Nexus  
  55  9:31  Stalker x5  
  59  9:32  Stalker x2  
  53  9:54  Observer (Chrono Boost)  
  53  9:55  Stalker x2  
  53  9:56  Stalker x3  
  52  10:05  Zealot x2  
  54  10:08  Charge (Chrono Boost)  
  52  10:20  Stalker x4  
  58  10:31  Protoss Ground Weapons Level 2 (Chrono Boost)  
  56  10:43  Nexus  
  56  10:44  Zealot x6  
  56  10:45  Assimilator  
  68  10:50  Assimilator  
  68  10:53  Pylon  
  68  10:55  Pylon  
  68  10:56  Robotics Bay  
  68  11:06  Stalker x2  
  68  11:07  Stalker  
  73  11:31  Stalker x3  
  73  11:32  Stalker x2  
  83  11:39  Colossus (Chrono Boost)  
  89  11:50  Extended Thermal Lance (Chrono Boost)  
  89  12:00  Probe  
  89  12:01  Probe x2  
  92  12:09  Sentry x2  
  96  12:16  Probe  
  96  12:17  Probe x2  
  96  12:20  Zealot x2  
  90  12:51  Stalker x2  
  90  12:52  Stalker x5  
  104  13:00  Protoss Ground Armor Level 2 (Chrono Boost)  
  104  13:01  Probe (Chrono Boost)  
  104  13:03  Probe x2 (Chrono Boost)  
  108  13:14  Probe x2 (Chrono Boost)  
  108  13:15  Probe (Chrono Boost)  
  108  13:19  Sentry  
  112  13:20  Probe (Chrono Boost), Sentry  
  112  13:21  Probe (Chrono Boost)  
  114  13:28  Probe x2, Colossus (Chrono Boost)  
  122  13:42  Sentry x4  
  130  13:59  Zealot x3  
  136  14:14  Stalker x2  
  140  14:26  Pylon  
  140  14:27  Pylon  
  140  14:31  Pylon  
  140  14:33  Pylon  
  140  14:37  Pylon  
  140  14:39  Pylon  
  140  14:43  Colossus  
  146  14:53  Stalker x4  
  146  14:54  Sentry x2  
  146  14:55  Sentry  
  68  15:51  Colossus (Chrono Boost)  
  72  15:57  Stalker x5  
  72  15:58  Stalker x2  
  82  16:21  Zealot x5  
  92  16:37  Colossus  
  80  17:16  Stalker x3  
  80  17:17  Stalker x4  
  86  17:37  Colossus (Chrono Boost)  
  86  17:43  Stalker  
  86  17:44  Stalker x2  
  96  17:45  Stalker x3  
  102  17:59  Stalker  
  92  18:08  Stalker x2  
  92  18:09  Stalker  
  88  18:41  Stalker x3  
  88  18:42  Stalker x4  
  102  19:00  Colossus  
  84  19:51  Stalker x3  
  84  19:52  Stalker x2  
  32  20:35  Stalker  
Tags
 
Add a new tag
Caveats
  • Supply blocks, unpowered buildings, or Contaminate may cause inaccurate times.
  • Supply counts are checked every 10 seconds.